 Dungeon Crawl Stone Soup version 0.28-a0-60-g54b5640690 (webtiles) character file.

Game seed: 16291857662092100855

34 dolemite99 the Magician (level 3, 0/25 HPs)
             Began as a Djinni Necromancer on July 31, 2021.
             Was a Priest of Jiyva.
             Slain by Prince Ribbit (12 damage)
             ... on level 6 of the Dungeon.
             The game lasted 00:03:09 (3534 turns).

dolemite99 the Magician (Djinni Necromancer)        Turns: 3534, Time: 00:03:09

Health: 0/25       AC:  2    Str:  9    XL:     3   Next: 50%
Gold:   54         EV: 12    Int: 17    God:    Jiyva [***...] SH:  0 Dex: 11

rFire   + + .      SeeInvis .   a - +0 mace (protect)
rCold   x . .      Faith    .   (no shield)
rNeg    . . .      Spirit   .   h - +0 robe
rPois   ∞          Reflect  .   (no helmet)
rElec   .          Harm     .   (no cloak)
rCorr   +          Rampage  .   (no gloves)
Will    .....                   (boots unavailable)
Stlth   ++........              (no amulet)
HPRegen 0.08/turn               (no ring)
MPRegen 0.00/turn               (no ring)

@: flying
A: sickness immunity, fire resistance 2, cold vulnerability 1, float, innate
caster, hp casting, extra vitality 1
a: Renounce Religion, Request Jelly


You were on level 6 of the Dungeon.
You worshipped Jiyva.
Jiyva was most pleased with you.
You visited 1 branch of the dungeon, and saw 5 of its levels.

You collected 54 gold pieces.

Inventory:

Hand Weapons
 a - a +0 mace of protection (weapon)
 e - a +0 hand axe
Missiles
 b - 33 bolts
 d - 21 stones
Armour
 h - a +0 robe (worn)
Scrolls
 f - a scroll of noise {unknown}
Potions
 c - a potion of heal wounds {unknown}
 g - a potion of attraction {unknown}


   Skills:
 + Level 2.9 Dodging
 + Level 2.2 Stealth
 + Level 3.5 Spellcasting


You couldn't memorise any spells.
You knew the following spells:

 Your Spells              Type           Power      Damage    Failure   Level
a - Pain                  Necr           60%        1d7       3%          1
b - Animate Skeleton      Necr           30%        N/A       3%          1
c - Vampiric Draining     Necr           7%         2d7       12%         3
d - Animate Dead          Necr           7%         N/A       36%         4
e - Agony                 Necr           15%        N/A       71%         5
f - Shock                 Conj/Air       60%        1d6       3%          1
Your spell library was empty.

Dungeon Overview and Level Annotations

Branches:
Dungeon (6/15)
 Temple: D:4-7

Altars:
The Shining One
Jiyva

Shops:
D:1 :   D:2 !==

Annotations:
D:6 Prince Ribbit


Innate Abilities, Weirdness & Mutations

You are immune to sickness and miasma.
You are immune to poison.
Your flesh is very heat resistant. (rF++)
You are vulnerable to cold. (rC-)
You float through the air rather than walking.
You learn spells naturally, not from books.
Your magical power is your life essence.
You have superior vitality. (+4 HP)


Message History

You hear a distant slurping noise.
Jiyva appreciates your sacrifice.
You hear a distant slurping noise.
Jiyva appreciates your sacrifice.
You hear a distant slurping noise.
Jiyva appreciates your sacrifice.
HP restored.
You hear a distant slurping noise.
You hear a distant slurping noise.
Jiyva will now mutate your body and modify your attributes as you gain piety.
Jiyva is now protecting you from corrosive effects.
Jiyva appreciates your sacrifice.
You hear a squelching noise.
You hear a distant slurping noise.
You hear a distant slurping noise.
You hear a distant slurping noise.
You swap places.
You hear a distant slurping noise.
Jiyva appreciates your sacrifice.
You hear a distant slurping noise.
Jiyva appreciates your sacrifice.
Prince Ribbit comes into view.
Casting: Pain (safe; 3% risk of failure)
Confirm with . or Enter, or press ? or * to list all spells.
Aiming: Pain (safe; 3% risk of failure)
Press: ? - help, Shift-Dir - straight line, f - Prince Ribbit
Aim: Prince Ribbit (asleep, chance to affect: 56%) Prince Ribbit gives a loud, deep croak!
Prince Ribbit resists with significant effort.
Prince Ribbit hits you!
Prince Ribbit croaks regally.
Casting: Pain (safe; 3% risk of failure)
Confirm with . or Enter, or press ? or * to list all spells.
Aiming: Pain (safe; 3% risk of failure)
Press: ? - help, Shift-Dir - straight line, f/p - Prince Ribbit
Aim: Prince Ribbit (chance to affect: 56%) Prince Ribbit writhes in agony.
Prince Ribbit hits you!
* * * LOW HITPOINT WARNING * * *
It was a potion of curing.
You feel better. Prince Ribbit hits you!
You die...

##
#############.####
#........#.......#
......###F........
..#.. ##.@.......
#. #.......... #..
##..........
#..##...........
#..##...........
#..##...........
##..#............
#...#............
.#
#...............


You could see Prince Ribbit.

Vanquished Creatures
  An adder (D:6)
  A worm (D:3)
  4 orcs (D:3)
  A ball python (D:2)
  A giant cockroach (D:2)
  A goblin (D:3)
  3 jackals (D:3)
  A quokka (D:2)
  A frilled lizard (D:1)
  4 rats
18 creatures vanquished.

Vanquished Creatures (others)
  A centaur (D:6)
  A hound (D:6)
  3 adders
  2 worms (D:2)
  An endoplasm (D:2)
  3 ball pythons
  5 giant cockroaches
  2 goblins (D:3)
  A hobgoblin (D:3)
  3 jackals (D:2)
  3 quokkas
  4 bats
  2 rats (D:2)
31 creatures vanquished.

Grand Total: 49 creatures vanquished

Notes
Turn   | Place    | Note
-------+----------+-------------------------------------------
     0 | D:1      | dolemite99 the Djinni Necromancer began the quest for the
                  | Orb.
     0 | D:1      | Reached XP level 1. HP: 15/15 MP: 0/0
    15 | D:1      | Found a faded altar of an unknown god.
    22 | D:1      | Became a worshipper of Jiyva Jioxt the Shapeless
    22 | D:1      | Reached * piety under Jiyva
    35 | D:1      | Found Sunk's Book Emporium.
   751 | D:2      | Found Gumen's Jewellery Boutique.
   934 | D:2      | Reached ** piety under Jiyva
  1303 | D:2      | Reached XP level 2. HP: 12/21 MP: 0/0
  1581 | D:2      | Found a glowing golden altar of the Shining One.
  1758 | D:2      | Found Bianuof's Jewellery Shoppe.
  1778 | D:2      | Found Agip's Distillery.
  2225 | D:3      | Reached XP level 3. HP: 3/25 MP: 0/0
  2225 | D:3      | Learned a level 1 spell: Shock
  3366 | D:3      | You are sucked into a shaft and drop 2 floors!
  3366 | D:5      | Entered Level 5 of the Dungeon
  3367 | D:5      | Noticed a phantom
  3464 | D:6      | Killed a centaur
  3468 | D:6      | Reached *** piety under Jiyva
  3528 | D:6      | Noticed Prince Ribbit
  3533 | D:6      | HP: 1/25 [Prince Ribbit (9)]
  3534 | D:6      | Slain by Prince Ribbit

Illustrated notes

Levels and vault maps discovered:
D:1:      minmay_arrival_semitransparent, layout_basic, serial_shops,
          nicolae_shop_crystal, ebering_ecumenical_altar_webs,
          minmay_pentomino_x2
D:2:      layout_basic, basic_altar, serial_shops,
          nicolae_shop_competitors_out_of_business, nicolae_lakefront_shop, shop
D:3:      layout_basic, minmay_goblin_kobold_house
D:5:      layout_loops_ring, mainiacjoe_overflow_brackets, gup_sewer_entry_pipe,
          uniq_blork_the_orc, uniq_edmund
D:6:      layout_cave_pods, minmay_temple_entry_slanted, uniq_prince_ribbit1

Skill      XL: |  1  2 |
---------------+-------+-----
Stealth        | 2 |  2.2
Dodging        | |  2.9
Spellcasting   | |  3.5

Action                   || total
-------------------------++-------
 Cast: Pain              ||    40
       Animate Skeleton  ||     3
Invok: Request Jelly     ||     1
  Use: Potion            ||     1
Dodge: Dodged            ||     4

Table legend: (Time is in decaauts)
 A = Elapsed time spent in this place.
 B = Non-inter-level travel time spent in this place.
 C = Inter-level travel time spent in this place.
 D = Time resting spent in this place.
 E = Time spent auto-exploring this place.
 F = Levels seen in this place.
 G = Mean time per level.
                   A        B        C        D        E       F      G
               +--------+--------+--------+--------+--------+-----+--------+
         Total |   3532 |   3513 |     19 |   1003 |   2245 |   5 |  706.4 |
       Dungeon |   3532 |   3513 |     19 |   1003 |   2245 |   5 |  706.4 |
               +--------+--------+--------+--------+--------+-----+--------+

Top non-repeatable levels by time:
     D:3: 1504 daAuts
     D:2: 1111 daAuts
     D:1: 749 daAuts
     D:6: 164 daAuts
     D:5: 2 daAuts
